 Dungeon Crawl Stone Soup version 0.29-a0-613-gf2c431b (webtiles) character file.

Game seed: 16176721019437384753

56 Illumine the Shield-Bearer (level 4, -5/40 HPs)
             Began as a Meteoran Fighter on June 16, 2022.
             Killed by divine providence
             ... invoked by an orc priest
              (12 damage)
             ... on level 3 of the Dungeon.
             The game lasted 00:02:07 (1056 turns).

Illumine the Shield-Bearer (Meteoran Fighter)       Turns: 1056, Time: 00:02:08

Health: -5/40      AC:  7    Str: 19    XL:     4   Next: 39%
Magic:  5/5        EV:  9    Int:  9    God:
Gold:   33         SH:  0    Dex: 14    Spells: 3/3 levels left

rFire   . . .      SeeInvis .   f - +0 triple sword
rCold   . . .      Faith    .   (shield currently unavailable)
rNeg    . . .      Spirit   .   b - +0 scale mail
rPois   .          Reflect  .   (no helmet)
rElec   .          Harm     .   (no cloak)
rCorr   .          Rampage  .   (no gloves)
Will    .....                   (no boots)
Stlth   ..........              (no amulet)
HPRegen 0.13/turn               (no ring)
MPRegen 0.09/turn               (no ring)

@: mighty, glowing
A: sense surroundings 1, otherworldly, glowing, explore regen
a: no special abilities


You were on level 3 of the Dungeon.
You visited 1 branch of the dungeon, and saw 3 of its levels.

You collected 33 gold pieces.

Inventory:

Hand Weapons
 a - a +0 flail
 f - a +0 triple sword (weapon)
Missiles
 i - 2 throwing nets (quivered)
 l - 4 poisoned darts
Armour
 b - a +0 scale mail (worn)
 c - a +0 buckler
Scrolls
 e - 4 scrolls of identify {unknown}
 g - 4 scrolls of teleportation {unknown}
 j - a scroll of magic mapping {unknown}
 m - a scroll of vulnerability {unknown}
 n - a scroll of immolation {unknown}
Potions
 h - a potion of flight {unknown}
 k - a potion of curing {unknown}
 o - a potion of magic {unknown}


   Skills:
 + Level 3.8 Fighting
 * Level 2.8 Long Blades
 - Level 2.6 Maces & Flails
 + Level 3.9 Armour
 - Level 4.0 Shields


You had 3 spell levels left.
You didn't know any spells.
Your spell library contained the following spells:

 Spells                   Type           Power      Damage    Failure   Level
 Call Canine Familiar     Summ           0%         N/A       98%         3
 Portal Projectile        Hex/Tloc       0%         N/A       98%         3
 Leda's Liquefaction      Hex/Erth       0%         N/A       100%        4


Dungeon Overview and Level Annotations

Branches:
Dungeon (3/15) Zot: 687

Altars:
Zin


Innate Abilities, Weirdness & Mutations

You passively map a small area around you.
You are easily found by Zot.
You glow in the dark.
You regain HP and MP as you explore.


Message History

You slash the orc!
You kill the orc!
A quokka comes into view.
The orc hits you but does no damage.
The orc priest miscasts a cantrip.
The quokka moves out of view.
A kobold comes into view. It is wielding a +0 short sword.
The orc priest miscasts a cantrip.
You feel very mighty all of a sudden. The orc hits you with a +0 club.
You closely miss the orc. The orc barely misses you.
You barely miss the orc. The orc hits you but does no damage. x2
You closely miss the orc.
The orc priest miscasts a cantrip.
The orc barely misses you. The orc hits you with a +0 club.
You closely miss the orc. The orc hits you but does no damage.
You closely miss the orc. The orc closely misses you.
The orc hits you with a +0 club.
You slash the orc!
You kill the orc!
The bat hits you but does no damage. The bat barely misses you.
You hit the bat.
You kill the bat!
The orc priest calls down the wrath of Beogh upon you.
Beogh smites you!
* * * LOW HITPOINT WARNING * * *
You hit the endoplasm.
The endoplasm is heavily wounded.
The endoplasm hits you but does no damage. x2
You slash the endoplasm!
You kill the endoplasm!
The kobold barely misses you.
You closely miss the kobold. The kobold hits you but does no damage.
You slash the kobold!
You kill the kobold!
The orc priest casts a cantrip, but nothing happens.
You barely miss the orc priest.
The orc priest mumbles some strange prayers to Beogh against you.
Beogh smites you!
You die...

, * #.. ,* * ####### , .
,,####.# , #...... ...
....# , #.##### *
...K.###..###.#.# #.#
,....bJ).........# #.#
....####..###.#####.#####
, ....o.....#
#............ ,....###o##
#######...... ## * #@#
#..##.. , * #.# #..##.. ,
#.# #..##..
#.##########..###. *
#.##.............. * * ,
#.##.....###..#### *
*,#.............# ,
####.....####.#### * ** ,
#.....# #.....


You could see an orc priest.

Vanquished Creatures
  3 gnolls (D:1)
  3 orcs (D:3)
  2 ball pythons
  3 endoplasms (D:3)
  A goblin (D:2)
  A hobgoblin (D:1)
  A quokka (D:3)
  3 bats
  A frilled lizard (D:3)
  4 kobolds
  3 rats
25 creatures vanquished.

Notes
Turn   | Place    | Note
-------+----------+-------------------------------------------
     0 | D:1      | Illumine the Meteoran Fighter began the quest for the Orb.
     0 | D:1      | Reached XP level 1. HP: 19/19 MP: 2/2
   308 | D:2      | Reached skill level 1 in Long Blades
   308 | D:2      | Reached XP level 2. HP: 26/26 MP: 3/3
   428 | D:1      | Reached skill level 4 in Shields
   428 | D:1      | Reached XP level 3. HP: 19/31 MP: 4/4
   752 | D:3      | Reached XP level 4. HP: 27/40 MP: 5/5
   849 | D:3      | Found a glowing silver altar of Zin.
  1056 | D:3      | Killed from afar by an orc priest

Illustrated notes

Levels and vault maps discovered:
D:1:      shiori_arrival_maze, layout_loops_ring, palyth_stone_intersect
D:2:      layout_basic, minmay_box_of_dots
D:3:      layout_loops_ring, old_standard_altar

Skill      XL: |  1  2 |
---------------+-------+-----
Long Blades    | 1 2 |  2.8
Shields        | 4 |  4.0
Fighting       | |  3.8
Maces & Flails | |  2.6
Armour         | |  3.9

Action                   |  1- 3 |  4- 6 || total
-------------------------+-------+-------++-------
Melee: Triple sword      |    39 |    33 ||    72
       Flail             |    16 |       ||    16
  Use: Potion            |       |     1 ||     1
Armor: Scale mail        |    27 |    24 ||    51
Dodge: Dodged            |    25 |    16 ||    41

Table legend: (Time is in decaauts)
 A = Elapsed time spent in this place.
 B = Non-inter-level travel time spent in this place.
 C = Inter-level travel time spent in this place.
 D = Time resting spent in this place.
 E = Time spent auto-exploring this place.
 F = Levels seen in this place.
 G = Mean time per level.
                   A        B        C        D        E       F      G
               +--------+--------+--------+--------+--------+-----+--------+
         Total |   1110 |   1091 |     19 |    496 |    284 |   3 |  370.0 |
       Dungeon |   1110 |   1091 |     19 |    496 |    284 |   3 |  370.0 |
               +--------+--------+--------+--------+--------+-----+--------+

Top non-repeatable levels by time:
     D:1: 544 daAuts
     D:3: 438 daAuts
     D:2: 127 daAuts
